 Seeded DCSS version 0.30.0-11-gf55b779eaf (webtiles) character file.

Game seed: 1882581695637917331 (custom seed)

261130 bmack86 the Severer (level 19, -22/177 HPs)
             Began as a Minotaur Fighter on May 17, 2023.
             Was the Champion of Okawaru.
             Annihilated by the Royal Jelly (29 damage)
             ... in the Arena.
             The game lasted 01:51:44 (31443 turns).

bmack86 the Severer (Minotaur Fighter)             Turns: 31443, Time: 01:51:45

Health: -22/177    AC: 28    Str: 29    XL:     19   Next: 19%
Magic:  21/28      EV: 12    Int:  5    God:    Okawaru [******]
Gold:   5261       SH: 20    Dex: 14    Spells: 18/18 levels left

rFire   . . .        m - +9 broad axe (elec)
rCold   + + .        g - +0 tower shield {rPois}
rNeg    . . .        l - +15 Maxwell's patent armour {-Cast -Tele rElec Will+ rCorr}
rPois   +            (helmet restricted)
rElec   +            x - +0 cloak "Icvacs" {rC+ Dex+4}
rCorr   +            K - +3 pair of gauntlets of War {Slay+5}
SInv    +            O - +2 pair of boots {Fly}
Will    +++..        G - amulet "Pupsi" {Regen+ Slay+5} Stlth
                     L - +5 ring of evasion
HPRegen 1.29/turn    s - ring of the Original Sin {rC+ Will+ SInv}
MPRegen 0.21/turn

%: no teleportation, no spellcasting, clarity
@: corroded, flying, hasted, studying Ice Magic, duelling, very quick
A: horns 2, retaliatory headbutt, talons 1, clarity, screaming 2
}: 2/15 runes: decaying, gossamer
a: Renounce Religion, Heroism, Finesse, Duel


You were in the Arena.
You worshipped Okawaru.
Okawaru was exalted by your worship.
You visited 7 branches of the dungeon, and saw 36 of its levels.
You also visited: Sewer, Bailey and Ice Cave.

You collected 6170 gold pieces.
You spent 909 gold pieces at shops.

Inventory:

Hand Weapons
 m - a +9 broad axe of electrocution (weapon)
 V - the +2 broad axe of Dissent {flame, rPois Will+ Int+3}
   (You acquired it on level 12 of the Dungeon)

   Int:       It affects your intelligence (+3).
   rPois:     It protects you from poison.
   Will:      It increases your willpower.
Missiles
 c - 10 throwing nets
 o - 11 boomerangs
 u - 5 silver boomerangs (quivered)
 E - 9 curare-tipped darts
 P - 4 silver javelins
Armour
 a - a +0 cloak of preservation
 g - a +0 tower shield of poison resistance (worn)
 l - the +15 Maxwell's patent armour (worn) {-Cast -Tele rElec Will+ rCorr}
   (Okawaru gifted it to you on level 5 of the Lair of Beasts)

   rElec:     It insulates you from electricity.
   -Cast:     It prevents spellcasting.
   -Tele:     It prevents most forms of teleportation.
   rCorr:     It protects you from acid and corrosion.
   Will:      It increases your willpower.
 x - the +0 cloak "Icvacs" (worn) {rC+ Dex+4}
   (Okawaru gifted it to you in an ice cave)

   Dex:       It affects your dexterity (+4).
   rC:        It protects you from cold.
 A - a +2 pair of boots of rampaging
 F - +1 gold dragon scales
 I - a +3 tower shield
 K - the +3 pair of gauntlets of War (worn) {Slay+5}
   (You acquired it on level 4 of the Lair of Beasts)

   Slay:      It affects your accuracy & damage with ranged weapons and melee
   (+5).
 O - a +2 pair of boots of flying (worn)
Jewellery
 b - an amulet of magic regeneration
 p - the amulet "Ovvutos" {Spirit rPois rC- rN+ Stlth+}
   (You bought it in a shop on level 2 of the Orcish Mines)

   [amulet of guardian spirit]

   It causes incoming damage to be divided between your reserves of health and
   magic.
   rC:        It makes you vulnerable to cold.
   rPois:     It protects you from poison.
   rN:        It protects you from negative energy.
   Stlth:     It makes you more stealthy.
 s - the ring of the Original Sin (right hand) {rC+ Will+ SInv}
   (You found it on level 14 of the Dungeon)

   [ring of protection from cold]

   rC:        It protects you from cold.
   SInv:      It lets you see invisible.
   Will:      It increases your willpower.
 y - a ring of ice
 G - the amulet "Pupsi" (around neck) {Regen+ Slay+5}
   (You acquired it on level 3 of the Swamp)

   [amulet of regeneration]

   Slay:      It affects your accuracy & damage with ranged weapons and melee
   (+5).
   Regen:     It increases your rate of health regeneration.
 H - a ring of fire
 L - a +5 ring of evasion (left hand)
 U - a +5 ring of evasion
Wands
 t - a wand of iceblast (22)
 z - a wand of mindburst (9)
 C - a wand of polymorph (7)
 N - a wand of light (33)
 Y - a wand of digging (14)
Scrolls
 k - 3 scrolls of noise
 q - 5 scrolls of blinking
 w - 7 scrolls of magic mapping
 B - 9 scrolls of teleportation
 J - 5 scrolls of fear
 Q - a scroll of silence
 W - 6 scrolls of poison
 Z - 3 scrolls of fog
Potions
 d - 3 potions of might
 e - 11 potions of ambrosia
 f - 3 potions of magic
 h - 6 potions of invisibility
 i - 5 potions of cancellation
 j - 13 potions of curing
 n - 6 potions of haste
 D - 5 potions of resistance
 M - 7 potions of heal wounds
 R - 5 potions of berserk rage
Miscellaneous
 S - a lightning rod (4/4)


   Skills:
 + Level 17.3 Fighting
 + Level 20.4 Axes
 - Level 10.0 Throwing
 + Level 18.7 Armour
 + Level 17.3 Shields
 + Level 14.2 Invocations
 - Level 8.0 Evocations


You had 18 spell levels left.
You didn't know any spells.
Your spell library contained the following spells:

 Spells                   Type           Power      Damage    Failure   Level
 Necrotise                Necr           0%         1d4       99%         1
 Slow                     Hex            0%         N/A       99%         1
 Blink                    Tloc           0%         N/A       100%        2
 Confusing Touch          Hex            0%         N/A       100%        3
 Dazzling Flash           Conj/Hex       0%         N/A       100%        3
 Ozocubu's Armour         Ice            0%         N/A       100%        3
 Vampiric Draining        Necr           0%         2d6       100%        3
 Cause Fear               Hex            0%         N/A       100%        4
 Leda's Liquefaction      Hex/Erth       0%         N/A       100%        4
 Manifold Assault         Tloc           0%         N/A       100%        4
 Passage of Golubria      Tloc           0%         N/A       100%        4
 Agony                    Necr           0%         N/A       100%        5
 Lee's Rapid Deconstruct  Erth           0%         3d4*      100%        5
 Metabolic Englaciation   Hex/Ice        0%         N/A       100%        5
 Silence                  Hex/Air        0%         N/A       100%        5
 Yara's Violent Unravell  Hex/Tmut       0%         3d3       100%        5
 Dispersal                Tloc           0%         N/A       100%        6
 Eringya's Noxious Bog    Tmut/Pois      0%         N/A       100%        6
 Statue Form              Tmut/Erth      0%         N/A       100%        6
 Dragon Form              Tmut           0%         N/A       100%        7
 Ozocubu's Refrigeration  Ice            0%         4d7       100%        7
 Storm Form               Tmut/Air       0%         N/A       100%        7
 Disjunction              Tloc           0%         N/A       100%        8
 Tukima's Dance           Hex            Unusable   N/A       N/A         3
 Summon Forest            Summ/Tloc      Unusable   N/A       N/A         5
 Simulacrum               Ice/Necr       Unusable   N/A       N/A         6
 Summon Hydra             Summ           Unusable   N/A       N/A         7
 Dragon's Call            Summ           Unusable   N/A       N/A         9

Dungeon Overview and Level Annotations

Branches:
Dungeon (15/15)            Temple (1/1) D:7            Lair (5/5) D:10
  Swamp (4/4) Lair:2       Spider (4/4) Lair:2        Slime (5/5) Lair:4
    Orc (2/2) D:11            Elf (0/3) Orc:2        Vaults (0/5) D:14
 Depths (0/4) D:15          Sewer (visited)          Bailey (visited)
  IceCv (visited)

Altars:
Ashenzari
Cheibriados
Dithmenos
Elyvilon
Fedhas
Gozag
Hepliaklqana
Kikubaaqudgha
Makhleb
Nemelex Xobeh
Okawaru
Qazlal
Ru
Sif Muna
Trog
Uskayaw
Vehumet
Wu Jian
Xom
Yredelemnul
Zin
The Shining One
Jiyva
Lugonu

Shops:
D:15 [   Orc:2 *(=(

Portals:
Trove: D:11 (give horn of Geryon)

Annotations:
Arena Royal Jelly


Innate Abilities, Weirdness & Mutations

You have a pair of horns on your head.
You reflexively headbutt those who attack you in melee.
You have sharp toenails.
You possess an exceptional clarity of mind.
You frequently scream uncontrollably at your foes.


Message History

The acid blob spits acid at you. You block the splash of acid.
You block the slime creature's attack. The eye of devastation gazes at you.
The bolt of energy hits you!
* * * LOW HITPOINT WARNING * * *
The acid blob hits you!!
* * * LOW HITPOINT WARNING * * *
You are splashed with acid.
You resist.
* * * LOW HITPOINT WARNING * * *
Aiming: Duel (1% risk of failure)
Press: ? - help, Dir - move target, f - Royal Jelly
Aim: the Royal Jelly You enter into single combat with the Royal Jelly!
The world spins around you as you enter the gateway.
You enter Okawaru's Arena!
The spectator shouts! x14
The Royal Jelly hits you!
* * * LOW HITPOINT WARNING * * *
You are splashed with acid.
You resist.
* * * LOW HITPOINT WARNING * * *
The Royal Jelly hits you but does no damage.
Found a gate leading back out of this place.
There is an empty arch of ancient stone, spattered with blood here.
Okay, then.
You slash the Royal Jelly!
Your hands burn!
* * * LOW HITPOINT WARNING * * *
The Royal Jelly is lightly wounded.
The Royal Jelly shudders.
The Royal Jelly spits out another jelly.
You slice the Royal Jelly!!
Lightning courses through the Royal Jelly!
Your hands burn!
* * * LOW HITPOINT WARNING * * *
You headbutt the Royal Jelly.
The Royal Jelly is moderately wounded.
You hit the rockslime but do no damage.
The Royal Jelly shudders violently.
The Royal Jelly spits out three more jellies.
The Royal Jelly hits you!!
You die...
Okawaru crowns the Royal Jelly victorious!

###########
#..pp.p.p.#
#p▓▓▓▓▓▓▓.#
#.▓.....▓.#
#p▓JJJ..▓p#
#p▓@J∩..▓p#
#p▓J....▓p#
#.▓.....▓.#
#p▓▓▓▓▓▓▓.#
#..p▓∩▓pp.#
###########


You could see the Royal Jelly, 2 acid blobs, a rockslime and a quicksilver ooze.

Vanquished Creatures
  A tentacled monstrosity (Swamp:4)
  7 acid blobs
  Kirke (Swamp:1)
  2 thorn hunters (Swamp:4)
  The ghost of arandomgamer the Severer, an adept HOFi of Beogh (Spider:4)
  Roxanne (Swamp:4)
  5 emperor scorpions (Spider:4)
  4 azure jellies
  3 rockslimes
  5 ghost moths (Spider:4)
  2 frost giants
  Louise (Spider:3)
  2 ghouls (Swamp:3)
  The ghost of apoch the Impregnable, a journeyman MiFi of Okawaru (D:14)
  A very ugly thing (D:14)
  2 quicksilver oozes
  6 broodmothers
  10 eleionomae
  Azrael (Orc:2)
  Nessos (Arena)
  2 bunyips
  2 dire elephants (Spider:1)
  Snorg (Lair:4)
  4 spark wasps
  An ettin (D:14)
  Josephine (D:12)
  A great orb of eyes (Slime:5)
  7 entropy weavers
  21 hydras
  2 shambling mangroves
  3 radroaches (Spider:4)
  5 centaur warriors
  4 ghost crabs
  5 jorogumos
  An ogre mage (D:14)
  10 boulder beetles
  16 death yaks
  11 two-headed ogres
  A tengu warrior (D:10)
  9 alligators
  2 death scarabs (Spider:4)
  3 orc high priests (Orc:2)
  2 thrashing horrors (D:14)
  A deep elf knight (Spider:1)
  A skyshark (Lair:5)
  A skeletal warrior (D:14)
  7 pharaoh ants
  3 death drakes
  3 sun moths
  2 deep trolls (D:15)
  10 goliath frogs
  A deep elf archer (Spider:1)
  2 wizards (D:15)
  A glowing orange brain (Slime:2)
  5 orb spiders
  5 steelbarb worms
  15 swamp dragons
  6 bog bodies
  3 spriggan druids
  A steelbarb worm (shapeshifter) (D:15)
  A necromancer (D:15)
  5 deep elf pyromancers
  5 orc knights
  22 wolf spiders
  A deep elf zephyrmancer (D:15)
  2 shining eyes
  5 orc sorcerers
  12 ugly things
  7 cyclopes
  3 manticores
  A worldbinder (D:14)
  A manticore (shapeshifter) (D:14)
  5 will-o-the-wisps
  4 moths of wrath
  2 black mambas (Lair:2)
  25 elephants
  2 gargoyles
  2 eyes of devastation
  3 torpor snails
  5 demonic crawlers
  An ice statue (IceCv)
  3 centaur skeletons (D:14)
  3 kobold demonologists
  Maggie (D:7)
  11 rime drakes
  Psyche (D:9)
  2 efreet
  11 cane toads
  2 yaktaurs (D:14)
  5 komodo dragons
  A meliai (shapeshifter) (D:13)
  8 polar bears
  11 trolls
  24 hornets
  3 meliai (Spider:3)
  13 blink frogs
  12 tyrant leeches
  23 tarantellas
  A dream sheep (Lair:5)
  30 jumping spiders
  45 slime creatures
  A shadow (D:10)
  6 wraiths
  24 spriggans
  3 wyverns
  29 yaks
  25 culicivoras
  4 hogs (Swamp:1)
  A human (Swamp:1)
  3 basilisks
  5 fire elementals (Orc:2)
  2 steam dragons
  56 redbacks
  6 vampire mosquitoes
  2 wargs
  Menkaure (D:5)
  Edmund (D:5)
  12 swamp worms
  An acid dragon (D:14)
  3 hell hounds
  A floating eye (Lair:4)
  26 water moccasins
  6 swamp drakes
  16 orc warriors
  A sky beast (D:6)
  6 black bears
  An ice beast (D:7)
  3 boggarts (Lair:5)
  14 centaurs
  5 ogres
  41 wolves
  A phantom (D:4)
  15 kobold brigands
  A necrophage (Swamp:3)
  3 scorpions (D:5)
  9 bullfrogs
  9 gnoll sergeants
  18 wights
  A howler monkey (D:9)
  2 electric eels
  5 hounds
  6 gnoll boudas (Bailey)
  3 jellies (D:6)
  18 orc priests
  Ijyb (D:3)
  A sleepcap (D:6)
  4 iguanas
  Terence (D:3)
  20 orc wizards
  6 hell rats (Lair:3)
  A boggart skeleton (D:14)
  25 gnolls
  13 adders
  16 river rats
  2 shadow imps
  3 white imps
  4 worms
  3 dart slugs
  52 orcs
  4 bats
  9 endoplasms
  2 giant cockroaches
  10 goblins
  11 hobgoblins
  2 jackals (D:3)
  16 kobolds
  10 quokkas
  5 ball pythons
  2 frilled lizards (D:2)
  22 rats
1203 creatures vanquished.

Vanquished Creatures (others)
  A tarantella (Spider:4)
  A bloated husk (Swamp:3)
  A golden eye (shapeshifter) (D:10)
  A swamp drake (Swamp:4)
  An orc (D:15)
  10 foxfires
15 creatures vanquished.

Grand Total: 1218 creatures vanquished

Notes
Turn   | Place    | Note
-------+----------+-------------------------------------------
     0 | D:1      | bmack86 the Minotaur Fighter began the quest for the Orb.
     0 | D:1      | Reached XP level 1. HP: 19/19 MP: 0/0
   386 | D:1      | Reached XP level 2. HP: 27/27 MP: 1/1
   710 | D:1      | Reached skill level 3 in Axes
  1116 | D:2      | Reached XP level 3. HP: 28/33 MP: 2/2
  1922 | D:3      | Noticed Ijyb
  1938 | D:3      | Killed Ijyb
  1939 | D:3      | Reached skill level 1 in Throwing
  1939 | D:3      | Reached XP level 4. HP: 39/40 MP: 3/3
  2008 | D:3      | Found an ornate altar of the Wu Jian Council.
  2128 | D:3      | Noticed Terence
  2136 | D:3      | Reached skill level 4 in Axes
  2136 | D:3      | Killed Terence
  2176 | D:3      | Identified a scroll of acquirement
  2176 | D:3      | Acquired the +3 war axe "Rimuilu" {elec, Str+4}
  2347 | D:3      | Reached XP level 5. HP: 47/47 MP: 4/4
  2617 | D:4      | Found a snail-covered altar of Cheibriados.
  2652 | D:4      | Noticed an ogre
  2657 | D:4      | Killed an ogre
  2689 | D:4      | Reached XP level 6. HP: 53/53 MP: 5/5
  2709 | D:4      | Found an iron altar of Okawaru.
  2717 | D:4      | Became a worshipper of Warmaster Okawaru
  2939 | D:4      | Reached skill level 5 in Axes
  2979 | D:4      | Reached skill level 5 in Armour
  3224 | D:4      | Reached skill level 10 in Axes
  3224 | D:4      | Reached skill level 5 in Invocations
  3224 | D:4      | Reached XP level 7. HP: 66/66 MP: 5/9
  3261 | D:5      | Entered Level 5 of the Dungeon
  3403 | D:5      | Reached XP level 8. HP: 74/74 MP: 10/10
  3408 | D:5      | Noticed Menkaure
  3411 | D:5      | Killed Menkaure
  3490 | D:5      | Noticed Edmund
  3499 | D:5      | Killed Edmund
  3499 | D:5      | Reached * piety under Okawaru
  3536 | D:5      | Identified the +1 robe "Cige Wuagaj" {rCorr MP-9 Archmagi}
  4123 | D:6      | Found a glowing drain.
  4146 | D:6      | Found a burning altar of Makhleb.
  4180 | Sewer    | Entered a sewer
  4403 | Sewer    | Reached XP level 9. HP: 81/81 MP: 12/12
  4585 | Sewer    | Reached ** piety under Okawaru
  4928 | D:6      | Reached skill level 11 in Axes
  5654 | D:6      | Reached *** piety under Okawaru
  5781 | D:7      | Noticed Maggie
  5789 | D:7      | Killed Maggie
  5875 | D:7      | Found a flagged portal.
  5935 | Bailey   | Entered a bailey
  6030 | Bailey   | Reached XP level 10. HP: 82/90 MP: 11/13
  6117 | Bailey   | Reached **** piety under Okawaru
  6137 | Bailey   | HP: 2/90 [gnoll bouda/+0 halberd (9)]
  6587 | D:7      | Found a shadowy altar of Dithmenos.
  6652 | D:7      | Found a staircase to the Ecumenical Temple.
  6658 | Temple   | Entered the Ecumenical Temple
  7346 | D:8      | Found a white marble altar of Elyvilon.
  7355 | D:8      | Reached skill level 12 in Axes
  7509 | D:8      | Reached ***** piety under Okawaru
  7716 | D:8      | Received a gift from Okawaru
  7814 | D:9      | Found a stormy altar of Qazlal.
  7844 | D:9      | Noticed Psyche
  7926 | D:9      | Killed Psyche
  7994 | D:9      | Found a sacrificial altar of Ru.
  8012 | D:9      | Reached XP level 11. HP: 88/97 MP: 15/15
  8282 | D:9      | Reached skill level 5 in Throwing
  8551 | D:9      | Noticed a two-headed ogre
  8555 | D:9      | Killed a two-headed ogre
  8555 | D:9      | Received a gift from Okawaru
  9031 | D:10     | Entered Level 10 of the Dungeon
  9159 | D:10     | Found a staircase to the Lair.
  9540 | D:10     | Reached skill level 1 in Evocations
  9698 | D:10     | Reached skill level 13 in Axes
  9742 | D:10     | Noticed a boulder beetle
  9743 | D:10     | Noticed a boulder beetle
  9743 | D:10     | Noticed a tengu warrior
  9744 | D:10     | Noticed a deep elf pyromancer
  9745 | D:10     | Noticed a boulder beetle
 10305 | D:11     | Found a staircase to the Orcish Mines.
 10601 | D:11     | Found a portal to a secret trove of treasure.
 10954 | D:12     | Reached skill level 10 in Armour
 10964 | D:12     | Reached skill level 10 in Fighting
 11098 | D:12     | Noticed a green ugly thing
 11108 | D:12     | Killed a green ugly thing
 11154 | D:12     | Noticed a white ugly thing
 11155 | D:12     | Noticed a purple ugly thing
 11165 | D:12     | Killed a purple ugly thing
 11165 | D:12     | Received a gift from Okawaru
 11170 | D:12     | Received a gift from Okawaru
 11170 | D:12     | Killed a purple ugly thing
 11171 | D:12     | Reached skill level 10 in Shields
 11258 | D:12     | Received a gift from Okawaru
 11360 | D:12     | Noticed a boulder beetle
 11380 | D:12     | Killed a boulder beetle
 11381 | D:12     | Reached XP level 12. HP: 80/106 MP: 16/16
 11472 | D:12     | Acquired the +2 broad axe of Dissent {flame, rPois Will+
                  | Int+3}
 11714 | D:12     | Noticed Josephine
 11730 | D:12     | Killed Josephine
 12322 | Lair:1   | Entered Level 1 of the Lair of Beasts
 12360 | Lair:1   | Identified the +0 chain mail of the Great Game {Will+}
 12524 | Lair:1   | Noticed a death yak
 12534 | Lair:1   | Reached ****** piety under Okawaru
 12537 | Lair:1   | Killed a death yak
 12717 | Lair:1   | Received a gift from Okawaru
 12718 | Lair:1   | Reached skill level 14 in Axes
 13465 | Lair:2   | Found a hole to the Spider Nest.
 13711 | Lair:2   | Found a staircase to the Swamp.
 13752 | Lair:2   | Reached XP level 13. HP: 88/115 MP: 18/18
 13996 | Lair:2   | Identified the +1 leather armour of the Foremost Portals
                  | {Contam rN++}
 14189 | Lair:3   | Found a frozen archway.
 14210 | IceCv    | Entered an ice cave
 14238 | IceCv    | Received a gift from Okawaru
 14521 | IceCv    | Reached skill level 15 in Axes
 14601 | IceCv    | Noticed a frost giant
 14614 | IceCv    | Identified the +0 cloak "Icvacs" {rC+ Dex+4} (Okawaru
                  | gifted it to you in an ice cave)
 14614 | IceCv    | Received a gift from Okawaru
 14623 | IceCv    | Killed a frost giant
 15344 | Lair:3   | Identified the +3 leather armour of the Saviour {Harm rPois
                  | rF+ Str+2}
 15394 | Lair:3   | Acquired 668 gold pieces
 15405 | Lair:3   | Identified the +0 ring mail "Viuvvydo" {rCorr Str+4}
 16238 | Lair:4   | Found a staircase to the Slime Pits.
 16238 | Lair:4   | Found a viscous altar of Jiyva.
 16239 | Lair:4   | Paralysed by a floating eye for 2 turns
 16292 | Lair:4   | Acquired the +3 pair of gauntlets of War {Slay+5}
 16292 | Lair:4   | Found the +3 pair of gauntlets of War {Slay+5}
 16330 | Lair:4   | Found a snail-covered altar of Cheibriados.
 16425 | Lair:4   | Reached XP level 14. HP: 125/125 MP: 19/19
 16431 | Lair:4   | Reached skill level 5 in Evocations
 16449 | Lair:4   | Noticed Snorg
 16458 | Lair:4   | Identified the +0 hand axe of the New World {flame, Fly rC-
                  | Dex+2} (Okawaru gifted it to you on level 4 of the Lair of
                  | Beasts)
 16458 | Lair:4   | Received a gift from Okawaru
 16465 | Lair:4   | Killed Snorg
 16875 | Lair:5   | Entered Level 5 of the Lair of Beasts
 16980 | Lair:5   | Reached skill level 16 in Axes
 17069 | Lair:5   | Received a gift from Okawaru
 17069 | Lair:5   | Found the +15 Maxwell's patent armour {-Cast -Tele rElec
                  | Will+ rCorr}
 17938 | Lair:5   | Received a gift from Okawaru
 18799 | D:14     | Reached XP level 15. HP: 134/134 MP: 21/21
 18952 | D:14     | Found a transporter.
 18953 | D:14     | Noticed apoch's ghost (journeyman MiFi)
 18957 | D:14     | Identified the +10 great mace of Nachenew {freeze, rPois
                  | rC+ Will+}
 18957 | D:14     | Noticed a frost giant
 18960 | D:14     | Found a transporter.
 19013 | D:14     | Reached skill level 10 in Invocations
 19108 | D:14     | Reached skill level 17 in Axes
 19144 | D:14     | Identified the +3 scale mail "Ruddet" {rCorr}
 19181 | D:14     | Found a gate to the Vaults.
 19472 | D:14     | Found a corrupted altar of Lugonu.
 19481 | D:14     | Identified the ring of the Original Sin {rC+ Will+ SInv}
 19716 | D:14     | Found a transporter.
 19718 | D:14     | Found a transporter.
 19735 | D:14     | Received a gift from Okawaru
 19939 | D:15     | Entered Level 15 of the Dungeon
 19951 | D:15     | Found a staircase to the Depths.
 20470 | D:15     | Found Lotit's Armour Shoppe.
 20478 | D:15     | Bought a +2 pair of boots of flying for 236 gold pieces
 20500 | D:15     | Noticed Nessos
 20516 | Arena    | Entered the Arena
 20519 | Arena    | Killed Nessos
 20519 | Arena    | Received a gift from Okawaru
 20520 | Arena    | Reached skill level 15 in Armour
 21411 | Orc:1    | Entered Level 1 of the Orcish Mines
 21571 | Orc:2    | Entered Level 2 of the Orcish Mines
 21571 | Orc:2    | Noticed Azrael
 21578 | Orc:2    | Received a gift from Okawaru
 21585 | Orc:2    | Killed Azrael
 21968 | Orc:2    | Found a staircase to the Elven Halls.
 22393 | Orc:2    | Reached skill level 18 in Axes
 22666 | Orc:2    | Found Duux's Assorted Antiques.
 22678 | Orc:2    | Found Cuame's Jewellery Emporium.
 22684 | Orc:2    | Reached XP level 16. HP: 143/144 MP: 23/23
 22687 | Orc:2    | Found Ciamikli's Antique Weapon Emporium.
 22692 | Orc:2    | Bought a scroll of noise for 29 gold pieces
 22692 | Orc:2    | Bought a potion of invisibility for 232 gold pieces
 22697 | Orc:2    | Found Zahel's Antique Weapon Shop.
 22703 | Orc:2    | Bought the amulet "Ovvutos" {Spirit rPois rC- rN+ Stlth+}
                  | for 412 gold pieces
 23302 | Swamp:1  | Entered Level 1 of the Swamp
 23483 | Swamp:1  | Received a gift from Okawaru
 23566 | Swamp:1  | Noticed Kirke
 23570 | Swamp:1  | Noticed a sphinx
 23577 | Swamp:1  | Killed Kirke
 23578 | Swamp:1  | Reached skill level 10 in Throwing
 24157 | Swamp:2  | Identified the +4 chain mail "Wacaej" {rC+}
 24844 | Swamp:2  | Identified the +0 helmet "Zayrrey" {Str+5}
 25153 | Swamp:3  | Received a gift from Okawaru
 25366 | Swamp:3  | Received a gift from Okawaru
 25842 | Swamp:3  | Identified the staff of poison "Peozuo Wauka" {rPois Str+2}
 25854 | Swamp:3  | Acquired the amulet "Pupsi" {Regen+ Slay+5}
 25923 | Swamp:4  | Entered Level 4 of the Swamp
 25952 | Swamp:4  | Noticed a thorn hunter
 25970 | Swamp:4  | Killed a thorn hunter
 25994 | Swamp:4  | Reached XP level 17. HP: 81/154 MP: 17/24
 26000 | Swamp:4  | Noticed Roxanne
 26030 | Swamp:4  | Killed Roxanne
 26070 | Swamp:4  | Identified the +2 battleaxe of the Hidden Vale {flame,
                  | Int+2} (Okawaru gifted it to you on level 4 of the Swamp)
 26070 | Swamp:4  | Received a gift from Okawaru
 26093 | Swamp:4  | Reached skill level 15 in Fighting
 26128 | Swamp:4  | Reached skill level 15 in Shields
 26138 | Swamp:4  | Noticed a tentacled monstrosity
 26147 | Swamp:4  | Killed a tentacled monstrosity
 26242 | Swamp:4  | Got a decaying rune of Zot
 26917 | D:14     | Killed apoch's ghost
 27145 | Spider:1 | Entered Level 1 of the Spider Nest
 27255 | Spider:1 | Reached skill level 19 in Axes
 27260 | Spider:1 | Received a gift from Okawaru
 27332 | Spider:2 | Identified the +1 war axe of Wondrous Power {elec, rF++
                  | Dex-3} (Okawaru gifted it to you on level 2 of the Spider
                  | Nest)
 27332 | Spider:2 | Received a gift from Okawaru
 27560 | Spider:3 | Acquired 1081 gold pieces
 27582 | Spider:4 | Entered Level 4 of the Spider Nest
 27667 | Spider:4 | Identified the +0 robe "Bugaudgh" {Dex+3} (Okawaru gifted
                  | it to you on level 4 of the Spider Nest)
 27667 | Spider:4 | Received a gift from Okawaru
 27829 | Spider:4 | Reached XP level 18. HP: 128/166 MP: 0/26
 27979 | Spider:4 | Got a gossamer rune of Zot
 28171 | Spider:4 | Found a transporter.
 28172 | Spider:4 | Noticed arandomgamer's ghost (adept HOFi)
 28173 | Spider:4 | Found a transporter.
 28225 | Spider:4 | Killed arandomgamer's ghost
 28591 | Spider:4 | Received a gift from Okawaru
 28907 | Spider:3 | Noticed Louise
 28930 | Spider:3 | Killed Louise
 29484 | Spider:2 | Reached skill level 20 in Axes
 29540 | Spider:2 | Identified the +2 broad axe "Fiumacs" {venom, rElec}
                  | (Okawaru gifted it to you on level 2 of the Spider Nest)
 29540 | Spider:2 | Received a gift from Okawaru
 30681 | Slime:1  | Entered Level 1 of the Pits of Slime
 31110 | Slime:2  | Identified the +2 robe of Abbuationu {+Inv rN+} (Okawaru
                  | gifted it to you on level 2 of the Pits of Slime)
 31110 | Slime:2  | Received a gift from Okawaru
 31257 | Slime:3  | Reached XP level 19. HP: 164/177 MP: 28/28
 31267 | Slime:4  | Gained mutation: You are weak. (Str -2) [a shining eye]
 31268 | Slime:4  | Gained mutation: Your magical capacity is low. (-10% MP) [a
                  | shining eye]
 31270 | Slime:4  | Gained mutation: You have hidden genetic defects. [a
                  | shining eye]
 31275 | Slime:4  | Lost mutation: You are weak. (Str -2) [potion of mutation]
 31275 | Slime:4  | Lost mutation: Your magical capacity is low. (-10% MP)
                  | [potion of mutation]
 31275 | Slime:4  | Gained mutation: You passively map a small area around you.
                  | [potion of mutation]
 31275 | Slime:4  | Gained mutation: You occasionally lose the ability to read
                  | scrolls when taking damage. [potion of mutation]
 31275 | Slime:4  | Gained mutation: Your mind is acute. (Int +4, Str/Dex -1)
                  | [potion of mutation]
 31276 | Slime:4  | Lost mutation: You occasionally lose the ability to read
                  | scrolls when taking damage. [potion of mutation]
 31276 | Slime:4  | Lost mutation: You have hidden genetic defects. [potion of
                  | mutation]
 31276 | Slime:4  | Lost mutation: You passively map a small area around you.
                  | [potion of mutation]
 31276 | Slime:4  | Gained mutation: You are strong-willed. (Will+) [potion of
                  | mutation]
 31276 | Slime:4  | Gained mutation: You are partially covered in iridescent
                  | scales. (AC +2) [potion of mutation]
 31276 | Slime:4  | Gained mutation: You occasionally shout uncontrollably at
                  | your foes. [potion of mutation]
 31276 | Slime:4  | Gained mutation: You are partially covered in large bone
                  | plates. (SH +4) [potion of mutation]
 31294 | Slime:4  | Lost mutation: You are strong-willed. (Will+) [potion of
                  | mutation]
 31294 | Slime:4  | Lost mutation: You are partially covered in iridescent
                  | scales. (AC +2) [potion of mutation]
 31294 | Slime:4  | Lost mutation: You are partially covered in large bone
                  | plates. (SH +4) [potion of mutation]
 31294 | Slime:4  | Gained mutation: Your spells are a little harder to cast,
                  | but a little more powerful. [potion of mutation]
 31294 | Slime:4  | Gained mutation: Your magical capacity is low. (-10% MP)
                  | [potion of mutation]
 31294 | Slime:4  | Lost mutation: Your magical capacity is low. (-10% MP)
                  | [potion of mutation]
 31294 | Slime:4  | Gained mutation: You have a pair of large horns on your
                  | head. [potion of mutation]
 31295 | Slime:4  | Lost mutation: Your mind is acute. (Int +4, Str/Dex -1)
                  | [potion of mutation]
 31295 | Slime:4  | Lost mutation: Your spells are a little harder to cast, but
                  | a little more powerful. [potion of mutation]
 31295 | Slime:4  | Gained mutation: You frequently scream uncontrollably at
                  | your foes. [potion of mutation]
 31295 | Slime:4  | Gained mutation: You are dopey. (Int -2) [potion of
                  | mutation]
 31295 | Slime:4  | Gained mutation: You are covered in fur. (AC +1) [potion of
                  | mutation]
 31303 | Slime:4  | Lost mutation: You are covered in fur. (AC +1) [potion of
                  | mutation]
 31303 | Slime:4  | Lost mutation: You have a pair of large horns on your head.
                  | [potion of mutation]
 31303 | Slime:4  | Lost mutation: You are dopey. (Int -2) [potion of mutation]
 31303 | Slime:4  | Gained mutation: Your mind is acute. (Int +4, Str/Dex -1)
                  | [potion of mutation]
 31303 | Slime:4  | Gained mutation: Your body sometimes deteriorates upon
                  | taking damage. [potion of mutation]
 31303 | Slime:4  | Gained mutation: Your mind is very acute. (Int +8, Str/Dex
                  | -2) [potion of mutation]
 31304 | Slime:4  | Lost mutation: Your body sometimes deteriorates upon taking
                  | damage. [potion of mutation]
 31304 | Slime:4  | Lost mutation: Your mind is very acute. (Int +8, Str/Dex
                  | -2) [potion of mutation]
 31304 | Slime:4  | Gained mutation: You possess an exceptional clarity of
                  | mind. [potion of mutation]
 31304 | Slime:4  | Lost mutation: Your mind is acute. (Int +4, Str/Dex -1)
                  | [potion of mutation]
 31306 | Slime:5  | Entered Level 5 of the Pits of Slime
 31322 | Slime:5  | Gained mutation: You have sharp toenails. [a shining eye]
 31436 | Slime:5  | Noticed the Royal Jelly
 31439 | Arena    | Entered the Arena
 31439 | Arena    | HP: 8/177 [acid (4)]
 31443 | Arena    | Annihilated by the Royal Jelly

Illustrated notes

Levels and vault maps discovered:
D:1:      dpeg_arrival_erosion, layout_basic
D:2:      layout_basic, minmay_tripent
D:3:      layout_loops_ring, nicolae_wu_jian_wuxing_cycle, serial_bayou_pond_d,
          uniq_ijyb, uniq_terence
D:4:      layout_basic, lemuel_round_altar, kennysheep_slug_shrine,
          minmay_misc_feat_hallway, nicolae_kite_square_tiling_tiny
D:5:      layout_loops_corners, uniq_menkaure, uniq_edmund
D:6:      layout_loops_ring, kennysheep_mini, portal_sewer_entry_c,
          hangedman_decor_lopped, serial_bayou_crossing
D:7:      layout_loops_ring, old_standard_altar, temple_green, enter_bailey_3,
          serial_park_tiny_2, uniq_maggie
D:8:      layout_gridville, elyvilon_altar_4
D:9:      layout_basic, mainiacjoe_overflow_24_doors,
          mainiacjoe_overflow_catwalk, chequers_serial_rivers_small_a,
          uniq_psyche
D:10:     layout_grid_maze, due_lair_maze_entry_diamond, minivault_12
D:11:     layout_roguey, orc_0_dummy, enter_trove_3
D:12:     layout_basic, uniq_josephine
D:13:     layout_gridville
D:14:     gammafunk_corrupted_shrine, layout_loops_ring,
          hangedman_vaults_entry_quadrant_bands, hangedman_decor_growths,
          gammafunk_ghost_smash
D:15:     hangedman_depths_entry_civil_slaughter, layout_stronghold,
          serial_shops, shop, uniq_nessos
Temple:   eino_narrow_crystal_temple
Lair:1:   layout_long_grid, grunt_megastairs_3
Lair:2:   layout_hall_layers, swamp_mist, nicolae_spider_entry_lesser_pyramids,
          worms_lemuel
Lair:3:   lemuel_ratsnest, layout_small_grid, portal_ice_cave_rime,
          beast_lair_carwin_10, infiniplex_staircase_pool_2
Lair:4:   layout_misc_corridors, minmay_slime_entry_eyes, basic_altar,
          uniq_snorg
Lair:5:   minmay_lair_end_enchanted_forest, layout_concentric_octagons,
          nicolae_lair_lil_pond
Swamp:1:  layout_basic_swamp, serial_swamp_ruin, evilmike_swamp_ruin_rubble_1,
          evilmike_swamp_ruin_house_6, uniq_kirke
Swamp:2:  nicolae_swamp_wrong_neighborhood, layout_basic_swamp,
          evilmike_swamp_ruin_house_5, swamp_pool3,
          nicolae_swamp_stuck_in_the_mud
Swamp:3:  layout_basic_swamp, nicolae_swamp_small_spring
Swamp:4:  swamp_alternative, layout_basic_swamp, uniq_roxanne
Spider:1: layout_spider_delve, beargit_elvish_explorers
Spider:2: layout_spider_delve
Spider:3: nicolae_spider_hilbert_zone_5 [nicolae_spider_hilbert_3_sides_1_open,
          nicolae_spider_hilbert_4_sides_1_open,
          nicolae_spider_hilbert_4_sides_1_open,
          nicolae_spider_hilbert_6_sides_1_open,
          nicolae_spider_hilbert_6_sides_1_open], uniq_louise
Spider:4: spider_rune_water, gammafunk_ghost_arena
Slime:1:  layout_caves
Slime:2:  layout_caves
Slime:3:  layout_caves
Slime:4:  layout_caves
Slime:5
Orc:1:    layout_diamond_mine
Orc:2:    st_orc_elflike, layout_diamond_mine, uniq_azrael
Arena

Skill      XL: |  1  2  3  4  5  6  7  8  9 10 11 12 13 14 15 16 17 18 |
---------------+-------------------------------------------------------+-----
Axes           | 3 4 10 11 12 13 14 15 16 18 19 20 | 20.4
Fighting       | 4 7 8 9 10 11 12 13 14 15 17 | 17.3
Armour         | 4 7 8 9 10 11 13 14 15 16 17 18 | 18.7
Shields        | 4 7 8 9 10 11 12 13 14 15 17 | 17.3
Throwing       | 1 2 3 4 6 7 8 9 10 | 10.0
Invocations    | 5 6 7 8 9 10 11 13 14 | 14.2
Evocations     | 2 3 4 6 7 8 |  8.0

Action                     |  1- 3 |  4- 6 |  7- 9 | 10-12 | 13-15 | 16-18 | 19-21 || total
---------------------------+-------+-------+-------+-------+-------+-------+-------++-------
  Melee: War axe           |    67 |    65 |   184 |   313 |       |       |       ||   629
         Headbutt          |     9 |    10 |    29 |    82 |   221 |   281 |    19 ||   651
         Broad axe         |       |       |       |   159 |   809 |  1018 |    48 ||  2034
  Throw: Javelin           |     1 |       |       |       |       |       |       ||     1
         Boomerang         |       |       |    45 |     8 |    10 |    34 |     4 ||   101
 Invoke: Heroism           |       |       |     1 |     6 |     4 |     5 |       ||    16
         Finesse           |       |       |       |       |     3 |     2 |       ||     5
         Duel              |       |       |       |       |     1 |       |     1 ||     2
  Evoke: Wand              |       |       |       |       |     6 |     1 |       ||     7
         Piece from Xom's  |       |       |       |       |     2 |       |       ||     2
    Use: Scroll            |    10 |     4 |     9 |     8 |    13 |     6 |     1 ||    51
         Potion            |       |     1 |       |     1 |     2 |       |     8 ||    12
 Armour: Scale mail        |    22 |    22 |    60 |       |       |       |       ||   104
         Chain mail        |     6 |    12 |       |       |       |       |       ||    18
         Gold dragon scale |       |       |    58 |   255 |   204 |       |       ||   517
         Plate armour      |       |       |       |       |   255 |   604 |    25 ||   884
  Dodge: Dodged            |    33 |    19 |    48 |   235 |   350 |   263 |    15 ||   963
  Block: Buckler           |    19 |     2 |       |       |       |       |       ||    21
         Kite shield       |       |    21 |   108 |   292 |   103 |       |       ||   524
         Tower shield      |       |       |       |       |   734 |  1094 |    38 ||  1866
